[ PARTIDA AOE2 · #508495143 ]
UnrankedCiv #62 vs Civ #60
Equipo del jugador · VICT
Equipo rival · DERR
[ ANÁLISIS DE REPETICIÓN · EXTRAÍDO DE LA PARTIDA GRABADA ]
Feudal
9:15
Castillos
20:38
Imperial
44:09
| APM promedio | 86.5 |
| APM pico | 128 |
| eAPM promedio | 51.9 |
| Aldeanos / militares | 194 / 60 |
Foco
⚔️ 60.7% · 🌾 39.3%
Unknown (2711) ×81 · Unknown (2703) ×66 · Unknown (2700) ×54 · Skirmisher ×47 · Archer ×6 · Monk ×4
Feudal
8:50
Castillos
20:34
Imperial
48:46
| APM promedio | 140.0 |
| APM pico | 314 |
| eAPM promedio | 92.3 |
| Aldeanos / militares | 187 / 83 |
Foco
⚔️ 82.4% · 🌾 17.6%
Unknown (2700) ×63 · Unknown (2705) ×52 · Militia ×28 · Skirmisher ×28 · Battering Ram ×8 · Petard ×5
Mapa de la partida
Recursos iniciales + cada clic de construcción. Líneas = muros · curvas = relieve. ◆ oro · ⬟ piedra · ● bayas · ✦ reliquia · ◌ hueco del cierre
Tu base· Abierta — hueco de 9t
Base de DS_StonePleaseAoE· Abierta — flanco sin cerrar
Terreno inicial suavizado · ◌ = hueco del cierre detectado · pasá el cursor para detalles
Inputs por minuto
— Oni.TheViper - - DS_StonePleaseAoE
Build order — Oni.TheViper
Primeras 150 de 672 acciones detectadas
| 0:00 | Encolar | Villager (Male) |
| 0:00 | Encolar | Villager (Male) |
| 0:02 | Construir | House |
| 0:02 | Construir | House |
| 0:06 | Encolar | Villager (Male) |
| 0:11 | Encolar | Villager (Male) |
| 1:23 | Encolar | Villager (Male) |
| 1:57 | Encolar | Villager (Male) |
| 1:59 | Encolar | Villager (Male) |
| 2:22 | Encolar | Villager (Male) |
| 2:54 | Encolar | Villager (Male) |
| 2:55 | Construir | Lumber Camp |
| 3:09 | Encolar | Villager (Male) |
| 3:27 | Encolar | Villager (Male) |
| 3:31 | Construir | House |
| 3:46 | Encolar | Villager (Male) |
| 4:22 | Encolar | Villager (Male) |
| 4:29 | Encolar | Villager (Male) |
| 4:40 | Encolar | Villager (Male) |
| 4:43 | Encolar | Villager (Male) |
| 5:03 | Encolar | Villager (Male) |
| 5:59 | Construir | Barracks |
| 6:08 | Investigar | Loom |
| 6:28 | Construir | House |
| 6:32 | Encolar | Villager (Male) |
| 6:51 | Investigar | Feudal Age |
| 7:26 | Construir | Mining Camp |
| 7:30 | Encolar | Militia |
| 7:30 | Encolar | Militia |
| 7:38 | Construir | House |
| 7:58 | Construir | House |
| 8:00 | Construir | Palisade Wall |
| 8:22 | Encolar | Militia |
| 8:35 | Encolar | Villager (Male) |
| 9:03 | Encolar | Villager (Male) |
| 9:15 | Edad | Edad Feudal |
| 9:18 | Investigar | Man-at-Arms (upgrade) |
| 9:24 | Investigar | Double-Bit Axe |
| 9:24 | Encolar | Villager (Male) |
| 9:36 | Encolar | Villager (Male) |
| 9:44 | Encolar | Villager (Male) |
| 9:46 | Construir | Archery Range |
| 9:53 | Encolar | Villager (Male) |
| 9:58 | Construir | Palisade Gate |
| 10:07 | Encolar | Villager (Male) |
| 10:15 | Construir | Blacksmith |
| 10:28 | Encolar | Villager (Male) |
| 10:29 | Construir | Palisade Wall |
| 10:30 | Construir | Palisade Wall |
| 10:40 | Encolar | Archer |
| 10:44 | Encolar | Villager (Male) |
| 10:45 | Construir | Palisade Wall |
| 10:53 | Encolar | Villager (Male) |
| 10:57 | Construir | Mill |
| 11:03 | Encolar | Archer |
| 11:04 | Encolar | Villager (Male) |
| 11:15 | Construir | Palisade Gate |
| 11:37 | Construir | Palisade Wall |
| 11:40 | Construir | House |
| 11:41 | Construir | Farm |
| 11:41 | Construir | Farm |
| 11:42 | Construir | Farm |
| 11:45 | Construir | Palisade Wall |
| 11:48 | Encolar | Archer |
| 12:00 | Construir | House |
| 12:01 | Construir | House |
| 12:05 | Construir | Farm |
| 12:11 | Encolar | Villager (Male) |
| 12:13 | Construir | House |
| 12:17 | Construir | Farm |
| 12:19 | Encolar | Skirmisher |
| 12:20 | Encolar | Villager (Male) |
| 12:42 | Construir | House |
| 12:48 | Encolar | Villager (Male) |
| 12:49 | Construir | Farm |
| 12:51 | Construir | Farm |
| 12:56 | Investigar | Fletching |
| 12:56 | Investigar | Fletching |
| 13:04 | Construir | Farm |
| 13:15 | Encolar | Archer |
| 13:20 | Encolar | Villager (Male) |
| 13:25 | Investigar | Horse Collar |
| 13:37 | Encolar | Skirmisher |
| 13:53 | Encolar | Archer |
| 13:56 | Encolar | Villager (Male) |
| 13:57 | Construir | Farm |
| 13:57 | Construir | Farm |
| 13:57 | Encolar | Villager (Male) |
| 14:14 | Encolar | Archer |
| 14:15 | Construir | Farm |
| 14:15 | Encolar | Villager (Male) |
| 14:22 | Encolar | Skirmisher |
| 14:25 | Encolar | Villager (Male) |
| 14:34 | Construir | Farm |
| 14:48 | Encolar | Skirmisher |
| 14:49 | Encolar | Villager (Male) |
| 14:52 | Construir | House |
| 14:52 | Construir | House |
| 15:06 | Construir | Farm |
| 15:16 | Encolar | Skirmisher |
| 15:20 | Encolar | Villager (Male) |
| 15:48 | Encolar | Skirmisher |
| 15:52 | Construir | Farm |
| 15:56 | Encolar | Villager (Male) |
| 16:03 | Encolar | Skirmisher |
| 16:20 | Encolar | Villager (Male) |
| 16:40 | Encolar | Villager (Male) |
| 16:41 | Construir | Farm |
| 16:41 | Construir | Farm |
| 16:42 | Construir | Farm |
| 17:11 | Construir | Farm |
| 17:11 | Encolar | Villager (Male) |
| 17:17 | Encolar | Skirmisher |
| 17:35 | Encolar | Skirmisher |
| 17:37 | Investigar | Padded Archer Armor |
| 17:58 | Investigar | Castle Age |
| 17:58 | Investigar | Castle Age |
| 18:03 | Construir | Barracks |
| 18:06 | Encolar | Skirmisher |
| 18:27 | Encolar | Skirmisher |
| 18:28 | Investigar | Scale Mail Armor |
| 19:07 | Investigar | Gold Mining |
| 19:12 | Investigar | Arson |
| 19:12 | Investigar | Arson |
| 19:30 | Construir | Barracks |
| 20:02 | Encolar | Villager (Male) |
| 20:04 | Investigar | Forging |
| 20:38 | Edad | Edad de los Castillos |
| 20:38 | Encolar | Unit 2703 |
| 20:38 | Encolar | Unit 2703 |
| 20:39 | Encolar | Unit 2703 |
| 20:39 | Investigar | Chain Mail Armor |
| 20:40 | Encolar | Villager (Male) |
| 20:42 | Investigar | Bow Saw |
| 20:46 | Construir | Monastery |
| 20:52 | Construir | Monastery |
| 20:58 | Encolar | Unit 2703 |
| 21:09 | Encolar | Villager (Male) |
| 21:11 | Construir | Farm |
| 21:19 | Investigar | Gambesons |
| 21:27 | Encolar | Unit 2703 |
| 21:27 | Encolar | Unit 2703 |
| 21:39 | Encolar | Unit 2703 |
| 21:55 | Investigar | Squires |
| 21:59 | Encolar | Villager (Male) |
| 22:03 | Encolar | Monk |
| 22:05 | Encolar | Monk |
| 22:12 | Encolar | Unit 2703 |
| 22:12 | Encolar | Unit 2703 |
| 22:18 | Construir | Town Center |
Build order — DS_StonePleaseAoE
Primeras 150 de 594 acciones detectadas
| 0:00 | Encolar | Villager (Male) |
| 0:00 | Encolar | Villager (Male) |
| 0:00 | Encolar | Villager (Male) |
| 0:01 | Encolar | Villager (Male) |
| 0:01 | Encolar | Villager (Male) |
| 0:02 | Construir | House |
| 0:05 | Construir | House |
| 1:24 | Encolar | Villager (Male) |
| 1:50 | Encolar | Villager (Male) |
| 2:22 | Encolar | Villager (Male) |
| 2:26 | Construir | Lumber Camp |
| 2:34 | Construir | House |
| 2:41 | Construir | House |
| 2:52 | Encolar | Villager (Male) |
| 2:56 | Encolar | Villager (Male) |
| 3:08 | Encolar | Villager (Male) |
| 3:24 | Encolar | Villager (Male) |
| 3:39 | Encolar | Villager (Male) |
| 3:52 | Construir | House |
| 4:03 | Construir | House |
| 4:12 | Encolar | Villager (Male) |
| 4:55 | Encolar | Villager (Male) |
| 5:30 | Encolar | Villager (Male) |
| 5:45 | Construir | Barracks |
| 6:00 | Encolar | Villager (Male) |
| 6:10 | Investigar | Loom |
| 6:36 | Investigar | Feudal Age |
| 6:36 | Investigar | Feudal Age |
| 6:38 | Construir | House |
| 6:40 | Encolar | Militia |
| 7:00 | Construir | Mining Camp |
| 7:02 | Encolar | Militia |
| 7:28 | Encolar | Militia |
| 7:28 | Encolar | Militia |
| 7:30 | Construir | Mill |
| 8:00 | Construir | Lumber Camp |
| 8:09 | Construir | House |
| 8:12 | Encolar | Villager (Male) |
| 8:26 | Encolar | Militia |
| 8:50 | Edad | Edad Feudal |
| 9:00 | Investigar | Man-at-Arms (upgrade) |
| 9:03 | Encolar | Villager (Male) |
| 9:16 | Construir | Archery Range |
| 9:34 | Encolar | Villager (Male) |
| 9:54 | Investigar | Double-Bit Axe |
| 10:02 | Encolar | Villager (Male) |
| 10:13 | Construir | House |
| 10:14 | Encolar | Archer |
| 10:27 | Encolar | Villager (Male) |
| 10:55 | Encolar | Skirmisher |
| 11:00 | Encolar | Villager (Male) |
| 11:06 | Construir | Farm |
| 11:11 | Construir | House |
| 11:12 | Construir | House |
| 11:13 | Encolar | Villager (Male) |
| 11:15 | Construir | Palisade Wall |
| 11:19 | Encolar | Skirmisher |
| 11:23 | Encolar | Archer |
| 11:25 | Encolar | Villager (Male) |
| 11:26 | Construir | Farm |
| 11:37 | Construir | Palisade Wall |
| 11:45 | Construir | Palisade Wall |
| 11:54 | Encolar | Villager (Male) |
| 11:56 | Construir | Farm |
| 11:57 | Construir | Farm |
| 11:59 | Construir | Farm |
| 12:02 | Construir | Farm |
| 12:10 | Construir | Palisade Wall |
| 12:26 | Encolar | Skirmisher |
| 12:28 | Encolar | Villager (Male) |
| 12:42 | Encolar | Villager (Male) |
| 12:49 | Encolar | Skirmisher |
| 13:00 | Construir | Palisade Wall |
| 13:10 | Encolar | Villager (Male) |
| 13:19 | Encolar | Skirmisher |
| 13:22 | Construir | House |
| 13:28 | Construir | Blacksmith |
| 13:47 | Encolar | Skirmisher |
| 13:53 | Encolar | Villager (Male) |
| 13:59 | Construir | House |
| 14:01 | Construir | House |
| 14:06 | Investigar | Fletching |
| 14:07 | Encolar | Skirmisher |
| 14:21 | Encolar | Villager (Male) |
| 14:22 | Construir | Farm |
| 14:40 | Construir | Farm |
| 14:51 | Encolar | Skirmisher |
| 14:56 | Encolar | Villager (Male) |
| 14:58 | Construir | Farm |
| 15:06 | Construir | House |
| 15:19 | Encolar | Villager (Male) |
| 15:25 | Encolar | Skirmisher |
| 15:28 | Investigar | Wheelbarrow |
| 15:30 | Construir | Farm |
| 15:30 | Construir | Farm |
| 15:40 | Encolar | Villager (Male) |
| 15:51 | Encolar | Skirmisher |
| 15:56 | Encolar | Villager (Male) |
| 15:58 | Construir | Farm |
| 15:59 | Construir | Farm |
| 15:59 | Construir | Farm |
| 16:07 | Construir | Farm |
| 16:14 | Encolar | Villager (Male) |
| 16:19 | Construir | Farm |
| 16:29 | Encolar | Skirmisher |
| 16:46 | Encolar | Villager (Male) |
| 17:05 | Construir | Market |
| 17:09 | Construir | Market |
| 17:20 | Encolar | Villager (Male) |
| 17:54 | Investigar | Castle Age |
| 17:55 | Construir | Lumber Camp |
| 18:04 | Encolar | Skirmisher |
| 18:28 | Encolar | Skirmisher |
| 18:29 | Investigar | Horse Collar |
| 18:37 | Construir | Farm |
| 18:45 | Encolar | Skirmisher |
| 18:56 | Investigar | Gold Mining |
| 19:02 | Encolar | Skirmisher |
| 19:09 | Construir | Farm |
| 19:11 | Construir | Farm |
| 19:13 | Construir | Farm |
| 19:24 | Investigar | Padded Archer Armor |
| 19:45 | Encolar | Skirmisher |
| 19:45 | Encolar | Skirmisher |
| 20:01 | Encolar | Villager (Male) |
| 20:05 | Construir | Archery Range |
| 20:34 | Edad | Edad de los Castillos |
| 20:36 | Encolar | Villager (Male) |
| 20:39 | Investigar | Bodkin Arrow |
| 20:41 | Investigar | Elite Skirmisher (upgrade) |
| 20:51 | Encolar | Villager (Male) |
| 21:11 | Investigar | Bow Saw |
| 21:19 | Encolar | Unit 2703 |
| 21:20 | Encolar | Villager (Male) |
| 21:22 | Construir | Monastery |
| 21:24 | Encolar | Unit 2700 |
| 21:36 | Encolar | Villager (Male) |
| 21:46 | Encolar | Unit 2700 |
| 21:50 | Construir | House |
| 21:53 | Investigar | Town Watch |
| 21:58 | Construir | House |
| 22:06 | Encolar | Monk |
| 22:09 | Encolar | Villager (Male) |
| 22:15 | Investigar | Heavy Plow |
| 22:32 | Encolar | Unit 2700 |
| 22:32 | Encolar | Unit 2700 |
| 22:39 | Encolar | Villager (Male) |
| 22:41 | Construir | House |
| 22:50 | Encolar | Unit 2700 |
| 22:55 | Construir | Town Center |
Cronología de la partida
| 5:45 | DS_StonePleaseAoE · first_building Barracks |
| 5:59 | Oni.TheViper · first_building Barracks |
| 8:00 | Oni.TheViper · wall_segment Palisade Wall x3 |
| 8:50 | DS_StonePleaseAoE · age_up feudal |
| 9:15 | Oni.TheViper · age_up feudal |
| 9:16 | DS_StonePleaseAoE · first_building Archery Range |
| 9:46 | Oni.TheViper · first_building Archery Range |
| 10:29 | Oni.TheViper · wall_segment Palisade Wall x1 |
| 10:30 | Oni.TheViper · wall_segment Palisade Wall x1 |
| 10:45 | Oni.TheViper · wall_segment Palisade Wall x2 |
| 11:15 | DS_StonePleaseAoE · wall_segment Palisade Wall x7 |
| 11:37 | DS_StonePleaseAoE · wall_segment Palisade Wall x14 |
| 11:37 | Oni.TheViper · wall_segment Palisade Wall x3 |
| 11:45 | DS_StonePleaseAoE · wall_segment Palisade Wall x6 |
| 11:45 | Oni.TheViper · wall_segment Palisade Wall x1 |
| 12:10 | DS_StonePleaseAoE · wall_segment Palisade Wall x2 |
| 13:00 | DS_StonePleaseAoE · wall_segment Palisade Wall x4 |
| 17:50 | DS_StonePleaseAoE · first_market_buy 100 food |
| 17:50 | DS_StonePleaseAoE · first_market_sell 100 wood |
| 20:34 | DS_StonePleaseAoE · age_up castle |
| 20:38 | Oni.TheViper · age_up castle |
| 20:46 | Oni.TheViper · first_building Monastery |
| 21:22 | DS_StonePleaseAoE · first_building Monastery |
| 25:51 | DS_StonePleaseAoE · first_building Stable |
| 27:45 | Oni.TheViper · first_market_buy 100 food |
| 29:43 | DS_StonePleaseAoE · first_building Siege Workshop |
| 34:18 | Oni.TheViper · first_building Castle |
| 34:55 | DS_StonePleaseAoE · first_building Castle |
| 35:51 | Oni.TheViper · first_building Stable |
| 44:09 | Oni.TheViper · age_up imperial |
| 46:14 | Oni.TheViper · first_market_sell 500 wood |
| 48:46 | DS_StonePleaseAoE · age_up imperial |
| 52:04 | DS_StonePleaseAoE · resign |
[ ANÁLISIS IA · 1 CRÉDITO ]
¿Qué pasó realmente en esta partida?
Wolo.gg analiza cada decisión: build order, eco, micro, errores típicos por bracket. Análisis personalizado por WhatsApp o Discord en 30 segundos.
Guía civ
Civ #62
Perfil
TheViper